 Dungeon Crawl Stone Soup version 0.18-a0-316-gf882de5 (console) character file.

182 bli the Insei (level 5, 0/39 HPs)
             Began as a Merfolk Transmuter on Nov 27, 2015.
             Succumbed to an adder's poison
             ... on level 3 of the Dungeon.
             The game lasted 00:08:07 (2692 turns).

bli the Insei (Merfolk Transmuter)                  Turns: 2692, Time: 00:08:07

Health: 0/39       AC:  3    Str: 15    XL:     5   Next: 61%
Magic:  8/8        EV: 14    Int: 12    God:
Gold:   139        SH:  0    Dex: 16    Spells: 1 memorised, 7 levels left

rFire  . . .     SeeInvis .       - Unarmed
rCold  . . .     Clarity  .     b - +0 robe
rNeg   . . .     SustAt   .     (no shield)
rPois  .         Gourm    .     (no helmet)
rElec  .         Spirit   .     (no cloak)
rCorr  .         Warding  .     (no gloves)
rMut   .         Stasis   .     t - +0 pair of boots
MR     .....                    (no amulet)
Stlth  ++........               p - +3 ring of strength (curse)
                                n - +2 ring of dexterity

@: lethally poisoned (0 -> -2), hasted, very quick, not resistant to hostile
enchantments, unstealthy
A: change form in water, swift swim
a: no special abilities


You were on level 3 of the Dungeon.
You were not hungry.

You visited 1 branch of the dungeon, and saw 3 of its levels.

You collected 139 gold pieces.

Inventory:

Hand Weapons
 y - a +0 halberd
 z - a +0 spear
Missiles
 a - 48 arrows
 r - 8 silver tomahawks (quivered)
 B - 27 stones
Armour
 b - a +0 robe (worn)
 t - a +0 pair of boots (worn)
Jewellery
 n - a +2 ring of dexterity (left hand)
 p - a cursed +3 ring of strength (right hand)
Scrolls
 e - 3 scrolls of identify {unknown}
 i - 3 scrolls of immolation {unknown}
 s - a scroll of remove curse {unknown}
 w - a scroll of enchant armour {unknown}
 A - a scroll of recharging {unknown}
Potions
 f - a potion of beneficial mutation {unknown}
 j - a potion of agility {unknown}
 k - a potion of curing {unknown}
 l - a potion of haste
 m - a potion of degeneration {unknown}
 o - a potion of might {unknown}
 u - a potion of ambrosia {unknown}
 v - a potion of lignification {unknown}
 x - a potion of magic {unknown}
Books
 c - a book of Changes

   Spells                             Type                      Level
   a - Beastly Appendage              Transmutation                1
   b - Sticks to Snakes               Transmutation                2
   c - Spider Form                    Transmutation/Poison         3
   d - Ice Form                       Ice/Transmutation            4
   e - Blade Hands                    Transmutation                5
Comestibles
 d - 3 bread rations
 g - 3 meat rations
 h - a beef jerky
 q - a slice of pizza


   Skills:
 * Level 2.5 Fighting
 + Level 4.1 Dodging
 + Level 1.2 Stealth
 * Level 4.8 Unarmed Combat
 + Level 2.4 Spellcasting
 + Level 3.3 Transmutations


You had 7 spell levels left.
You knew the following spells:

 Your Spells              Type           Power        Failure   Level  Hunger
a - Beastly Appendage     Trmt           #.....       10%         1    ##.....


Dungeon Overview and Level Annotations

Branches:
Dungeon (3/15)

Altars:
Nemelex Xobeh
Vehumet


Message History

Deactivating autopickup; reactivate with Ctrl-A.
The adder completely misses you.
You bump into the rock wall.
You feel less confused.
The orc priest hits you but does no damage.
The adder bites you.
You are poisoned.
The adder poisons you!
You barely miss the orc priest.
The orc priest is heavily wounded.
You feel sick. The orc priest hits you. The adder bites you.
You hit the orc priest.
The orc priest is severely wounded.
The orc priest mumbles some strange prayers to Beogh against you.
Something smites you!
* * * LOW HITPOINT WARNING * * *
You hear a shout!
Drink which item? (? for menu, Esc to quit)
It was a potion of haste.
You feel yourself speed up.
You die...

### # o######## ##.< .
.o.o....# ###########... #
.o.######.# #.............
# ..........##
#.###...###... # ...
...........###.##.....###..
# #.#
#.....................# ##.
# #.#
#..#####.......#......## #.
# #.# #.
#.#S............###. # #.#
# #.#o####.........##. #
#.# #.#@####...........#
###.# #.#.#.............##
..#.####..#
#.#.#.##.........##
#.........#
#.#.#.##..........##
###.#####.#
#.#.#.##.#.........# ###.#
#.....##.#.#.....##. ....#
##..........##.>.#### .####
#.###.###..##.#####.## .#
#.....# #..##># #...# .#
#####.###..##.# #...## .#
##........# #....#


You could see an orc priest and an adder.

Vanquished Creatures
  A hound (D:3)
  An orc wizard (D:3)
  4 gnolls (D:2)
  An adder (D:2)
  An ooze (D:1)
  3 worms (D:2)
  2 giant geckos (D:2)
  3 orcs (D:3)
  11 bats
  8 goblins
  3 hobgoblins
  3 giant cockroaches
  4 giant newts
  9 jackals (D:2)
  3 kobolds
  6 rats
63 creatures vanquished.

Vanquished Creatures (others)
  A jackal (D:2)
1 creature vanquished.

Grand Total: 64 creatures vanquished

Notes
Turn   | Place    | Note
--------------------------------------------------------------
     0 | D:1      | bli the Merfolk Transmuter began the quest for the Orb.
     0 | D:1      | Reached XP level 1. HP: 15/15 MP: 3/3
    78 | D:1      | Reached XP level 2. HP: 5/21 MP: 3/5
   625 | D:1      | Reached skill level 4 in Unarmed Combat
   929 | D:2      | Reached XP level 3. HP: 24/26 MP: 4/6
  1417 | D:2      | Found a radiant altar of Vehumet.
  1507 | D:2      | Reached XP level 4. HP: 24/32 MP: 7/7
  1682 | D:2      | Found a sparkling altar of Nemelex Xobeh.
  1919 | D:2      | Reached skill level 1 in Stealth
  1923 | D:2      | Reached XP level 5. HP: 17/38 MP: 8/8
  2691 | D:3      | HP: 1/39 [orc priest/divine providence (13)]
  2692 | D:3      | Succumbed to an adder's poison

Vault maps used:
D:1:      tarquinn_simple_flora_water_a, nrook_mini_vaults, corexii_corridor_pit
D:2:      nicolae_overflow_crystal_walls, fiery_altar_vehumet

Action                   |  1- 3 |  4- 6 || total
-------------------------+-------+-------++-------
Melee: Unarmed           |   121 |   106 ||   227
 Cast: Beastly Appendage |    13 |     9 ||    22
  Use: Potion            |       |     1 ||     1
 Stab: Sleeping          |     1 |       ||     1
  Eat: Chunk             |     2 |     4 ||     6
